AoeStats
← Gim

Lombardia

509308969Analyzed
4v4 RM · 5d ago on Sep 26, 2026· 56m 39s· 8 players
Game mode
Random Map
Map size
Large (8 player)
Population
200
Speed
Normal
Resources
Standard
Victory
Conquest
Starting age
Dark Age
Ending age
Imperial Age
RankedLock teamsTeams togetherTeam positionsShared explorationLock speedFull tech treeHidden civsTurbo modeCheats
Victory
Defeat
🇦🇿 Shu · Azerbaijan
1172
+16
🇪🇸 Spanish · Spain
1147
+17
🇭🇰 Danes · Hong Kong SAR China
1138
+18
🇪🇸 Lithuanians · Spain
1135
+19
🇨🇳 Koreans · China
1185
-18
🇨🇳 Cumans · China
1183
-18
🇮🇳 Chinese · India
1176
-17
🇨🇳 Magyars · China
1160
-17
Gim
3:55 Loom
10:40 Feudal Age
14:58 Castle Age
13:14 Double-Bit Axe
15:56 Husbandry
22:45 Wheelbarrow
25:10 Horse Collar
25:41 Bow Saw
27:57 Fletching
33:26 Imperial Age
31:22 Heavy Plow
32:26 Hand Cart
33:19 Eupseong
33:26 Stone Mining
33:26 Gold Mining
33:42 Bodkin Arrow
34:01 Squires
34:34 Conscription
34:16 Elite War Wagon
35:00 Bracer
36:05 Chemistry
35:55 Ballistics
35:40 Scale Mail Armor
37:11 Chain Mail Armor
37:54 Gold Shaft Mining
37:07 Arrowslits
37:28 Siege Engineers
38:18 Pikeman
39:26 Fortified Wall
38:57 Treadmill Crane
41:05 Two-Man Saw
41:24 Halberdier
44:23 Plate Mail Armor
44:28 Murder Holes
44:44 Masonry
44:53 Caravan
48:52 Forging
49:59 Architecture
50:26 Shinkichon
54:36 Town Watch
Ambarish Choudhary
0:49 Loom
10:39 Feudal Age
14:19 Wheelbarrow
16:53 Castle Age
15:33 Double-Bit Axe
16:08 Horse Collar
16:21 Stone Mining
16:42 Fletching
18:57 Bow Saw
25:58 Gold Mining
26:43 Stone Shaft Mining
28:23 Gold Shaft Mining
28:27 Fervor
30:01 Heavy Plow
30:43 Murder Holes
34:35 Imperial Age
33:10 Bodkin Arrow
33:17 Padded Archer Armor
33:18 Scale Mail Armor
33:30 Forging
33:36 Caravan
34:06 Coinage
34:45 Elite Chu Ko Nu
35:48 Conscription
36:04 Bracer
38:02 Ballistics
38:44 Chemistry
38:01 Leather Archer Armor
38:01 Chain Mail Armor
38:22 Iron Casting
40:34 Banking
40:38 Ring Archer Armor
40:39 Plate Mail Armor
42:44 Blast Furnace
42:08 Rocketry
42:18 Great Wall
42:42 Squires
42:28 Arson
42:04 Elite Fire Lancer
42:52 Thumb Ring
45:44 Pikeman
46:25 Halberdier
47:11 Scale Barding Armor
49:55 Masonry
49:59 Fortified Wall
51:14 Heavy Rocket Cart
52:26 Chain Barding Armor
52:49 Architecture
55:43 Hand Cart
彭大帅
9:47 Feudal Age
8:57 Loom
13:13 Wheelbarrow
15:17 Wheelbarrow
23:15 Castle Age
21:04 Horse Collar
26:44 Town Watch
28:56 Bloodlines
33:06 Double-Bit Axe
33:27 Heavy Plow
36:40 Imperial Age
36:18 Hand Cart
36:17 Bow Saw
36:55 Cavalier
38:44 Paladin
42:48 Conscription
43:23 Pikeman
44:03 Squires
45:29 Forging
45:13 Halberdier
45:59 Scale Barding Armor
47:34 Iron Casting
47:19 Chain Barding Armor
47:39 Gold Mining
47:41 Stone Mining
48:04 Light Cavalry
50:51 Blast Furnace
49:52 Scale Mail Armor
50:27 Plate Barding Armor
50:11 Fletching
49:45 Hussar
51:32 Two-Man Saw
51:08 Crop Rotation
53:17 Chain Mail Armor
1361331795
0:36 Loom
11:19 Feudal Age
17:32 Castle Age
15:42 Horse Collar
16:21 Double-Bit Axe
19:48 Bow Saw
20:40 Heavy Plow
24:32 Wheelbarrow
26:03 Stone Mining
27:24 Hand Cart
31:55 Imperial Age
29:21 Gold Mining
30:01 Corvinian Army
30:27 Fletching
30:38 Padded Archer Armor
30:43 Scale Barding Armor
32:37 Elite Magyar Huszar
33:38 Conscription
34:37 Two-Man Saw
34:09 Crop Rotation
35:34 Chain Barding Armor
35:24 Husbandry
35:35 Bloodlines
35:41 Caravan
36:37 Ballistics
36:48 Elite Skirmisher
38:34 Plate Barding Armor
38:34 Bodkin Arrow
38:54 Leather Archer Armor
39:27 Thumb Ring
39:18 Heavy Cavalry Archer
40:26 Parthian Tactics
42:34 Recurve Bow
43:11 Bracer
43:41 Ring Archer Armor
45:52 Chemistry
Jarcoz
10:56 Feudal Age
13:28 Forging
18:18 Double-Bit Axe
21:49 Castle Age
19:40 Horse Collar
20:36 Scale Barding Armor
21:42 Bloodlines
21:56 Gold Mining
23:18 Iron Casting
23:12 Bow Saw
27:21 Heavy Plow
29:56 Stone Mining
31:02 Town Watch
31:52 Wheelbarrow
31:03 Loom
32:22 Chain Barding Armor
32:24 Town Patrol
35:37 Imperial Age
32:59 Loom
33:31 Husbandry
35:50 Elite Conquistador
36:51 Conscription
36:41 Cavalier
39:18 Plate Barding Armor
39:44 Blast Furnace
40:06 Paladin
42:44 Caravan
45:04 Fletching
45:14 Padded Archer Armor
47:05 Leather Archer Armor
46:46 Bodkin Arrow
47:01 Elite Skirmisher
49:00 Chemistry
48:34 Bracer
49:04 Ring Archer Armor
Hillary Clinton
8:22 Loom
11:17 Feudal Age
16:06 Castle Age
14:32 Double-Bit Axe
18:56 Bow Saw
18:36 Horse Collar
28:56 Imperial Age
27:25 Bloodlines
27:23 Scale Barding Armor
28:10 Forging
28:03 Husbandry
28:03 Gold Mining
28:55 Wheelbarrow
28:17 Stone Mining
29:33 Chain Barding Armor
29:50 Iron Casting
29:19 Heavy Plow
30:12 Conscription
31:04 Plate Barding Armor
32:34 Town Watch
33:07 Hand Cart
34:12 Crop Rotation
34:07 Elite Leitis
48:17 Tower Shields
48:19 Scale Mail Armor
47:53 Pikeman
48:42 Squires
48:27 Arson
49:09 Halberdier
I have Gun
11:07 Feudal Age
15:03 Castle Age
14:14 Double-Bit Axe
14:18 Horse Collar
17:06 Bow Saw
21:08 Wheelbarrow
21:40 Gold Mining
23:12 Hand Cart
24:59 Heavy Plow
25:17 Stone Mining
26:02 Gold Shaft Mining
26:41 Loom
27:31 Fletching
27:41 Padded Archer Armor
30:43 Imperial Age
28:46 Bodkin Arrow
29:08 Leather Archer Armor
29:16 Ballistics
29:07 Fortified Wall
29:11 Masonry
29:42 Forging
29:32 Scale Mail Armor
29:22 Town Watch
31:06 Caravan
31:27 Coiled Serpent Array
31:53 Bracer
32:23 Ring Archer Armor
32:09 Chain Mail Armor
31:25 Elite White Feather Guard
32:32 Conscription
32:23 Crossbowman
33:08 Thumb Ring
34:10 Bolt Magazine
34:08 Arbalester
35:25 Plate Mail Armor
36:23 Two-Man Saw
36:57 Chemistry
36:33 Architecture
36:13 Siege Engineers
44:36 Fortified Wall
44:58 Architecture
Futou Juhan
11:45 Loom
13:31 Feudal Age
14:14 Double-Bit Axe
14:55 Loom
18:00 Castle Age
17:01 Stone Mining
17:39 Horse Collar
19:33 Bow Saw
20:20 Stone Shaft Mining
23:47 Wheelbarrow
26:30 Pikeman
27:47 Heavy Plow
29:41 Squires
29:03 Pikeman
30:22 Gold Mining
33:17 Imperial Age
31:05 Hand Cart
31:48 Forging
31:39 Scale Mail Armor
31:28 Gambesons
34:15 Iron Casting
33:55 Chain Mail Armor
34:06 Masonry
33:25 Halberdier
35:56 Gold Shaft Mining
36:49 Blast Furnace
35:42 Arson
36:01 Onager
37:54 Siege Onager
46:06 Conscription
45:33 Northmen's Fury
47:43 Siege Engineers
48:16 Plate Mail Armor
Connection lost

Rejoining the realm…

Still unreachable

The connection could not be restored.

Session expired

The server has moved on; the page needs a fresh start.